 Dungeon Crawl Stone Soup version 0.27-a0-597-g524d869a0f (webtiles) character file.

Game seed: 7757158650125403954

1582 jasper the Covert (level 8, -1/36 HPs)
             Began as a Spriggan Enchanter on Mar 11, 2021.
             Killed by divine providence
             ... invoked by an orc priest
              (10 damage)
             ... on level 7 of the Dungeon.
             The game lasted 00:09:31 (8938 turns).

jasper the Covert (Spriggan Enchanter)              Turns: 8938, Time: 00:09:31

Health: -1/36      AC:  5    Str:  6    XL:     8   Next: 60%
Magic:  13/13      EV: 35    Int: 18    God:
Gold:   312        SH:  0    Dex: 16    Spells: 5/13 levels left

rFire    . . .     SeeInvis +   o - +5 short sword "Mahi" {drain, +Blink rC+ Str+2}
rCold    + . .     Faith    .   (shield restricted)
rNeg     . . .     Spirit   .   b - +0 robe
rPois    .         Reflect  .   (helmet restricted)
rElec    .         Harm     .   l - +2 cloak
rCorr    .         Rampage  .   (gloves unavailable)
Will     +....                  (boots unavailable)
Stlth    +++++.....             m - amulet of the acrobat
HPRegen  0.12/turn              (no ring)
MPRegen  0.13/turn              (no ring)

@: acrobatic, very quick
A: very small, unfitting armour, see invisible, speed 3
a: Evoke Blink


You were on level 7 of the Dungeon.
You visited 1 branch of the dungeon, and saw 7 of its levels.

You collected 312 gold pieces.

Inventory:

Hand Weapons
 a - a +2 dagger
 o - the +5 short sword "Mahi" (weapon) {drain, +Blink rC+ Str+2}
   (You found it on level 4 of the Dungeon)

   A truly terrible weapon, it drains the life of those it strikes.
   It affects your strength (+2).
   It protects you from cold.
   It lets you blink.
Missiles
 d - 8 curare-tipped darts
 q - 5 atropa-tipped darts
 w - 17 bolts
Armour
 b - a +0 robe (worn)
 g - a +0 buckler
 l - a +2 cloak (worn)
 v - a scarf of shadows
Jewellery
 m - an amulet of the acrobat (around neck)
 u - an amulet of magic regeneration
Wands
 y - a wand of random effects (18)
Scrolls
 f - 3 scrolls of teleportation
 i - 2 scrolls of enchant weapon
 r - a scroll of enchant armour
 s - a scroll of amnesia
 x - a scroll of fog {unknown}
Potions
 c - a potion of heal wounds
 e - 2 potions of invisibility
 h - 2 potions of lignification
 j - 2 potions of haste
 k - a potion of magic
 n - a potion of cancellation
 p - 2 potions of brilliance
 t - a potion of curing {unknown}


   Skills:
 - Level 1.1 Short Blades
 + Level 6.8 Dodging
 * Level 11.3 Stealth
 - Level 3.0 Spellcasting
 * Level 9.0 Hexes


You had 5 spell levels left.
You knew the following spells:

 Your Spells              Type           Power      Damage    Failure   Level
b - Ensorcelled Hibernat  Hex/Ice        38%        N/A       3%          2
c - Confusing Touch       Hex            35%        N/A       1%          3
d - Tukima's Dance        Hex            35%        N/A       1%          3

Your spell library contained the following spells:

 Spells                   Type           Power      Damage    Failure   Level
 Corona                   Hex            38%        N/A       1%          1
 Dazzling Flash           Conj/Hex       38%        N/A       8%          3


Dungeon Overview and Level Annotations

Branches:
Dungeon (7/15)
 Temple: D:4-7

Altars:
Ashenzari
Elyvilon
Fedhas
Gozag
Kikubaaqudgha
Nemelex Xobeh
Qazlal
Sif Muna
Vehumet
Wu Jian
Xom
Zin
The Shining One


Innate Abilities, Weirdness & Mutations

You are very small and have problems with some larger weapons.
You are too small for most types of armour.
You have supernaturally acute eyesight. (SInv)
You cover ground extremely quickly. (Speed+++)


Message History

You barely miss the orc wizard. The orc wizard completely misses you.
You hit the orc wizard.
The orc wizard is lightly wounded.
The orc wizard gestures at you while chanting.
You resist with almost no effort.
You completely miss the orc wizard.
The orc wizard is lightly wounded.
The orc wizard hits you with a +0 dagger.
You take 3 damage, and have 33/36 hp.
You hit the orc wizard.
The orc wizard is lightly wounded.
The orc wizard hits you but does no damage.
You hit the orc wizard. You drain the orc wizard.
The orc wizard is heavily wounded.
The orc wizard points at itself and mumbles some strange words.
The orc wizard flickers and vanishes for a moment.
You closely miss the orc wizard.
The orc wizard is heavily wounded.
The orc wizard completely misses you.
You hit the orc wizard.
The orc wizard is severely wounded.
The orc priest invokes the aid of Beogh against you.
Beogh smites you! The orc wizard closely misses you.
You take 15 damage, and have 19/36 hp.
MASSIVE DAMAGE!!
You closely miss the orc wizard.
The orc wizard is severely wounded.
The orc wizard hits you but does no damage.
MP restored: 13 You puncture the orc wizard!
You kill the orc wizard!
The orc priest casts a cantrip, but nothing happens.
The hound completely misses you.
The orc priest invokes the aid of Beogh against you.
Beogh smites you!
* * * LOW HITPOINT WARNING * * *
You take 10 damage, and have 9/36 hp.
MASSIVE DAMAGE!!
The orc priest looks encouraged for a moment.
The orc priest calls down the wrath of Beogh upon you.
Beogh smites you!
You die...

#..........#### .>.#
####.............# #..#
.......o###.####.####..#
........# #.#..........#
........# #.#.##[####.#########
........# #.#.##.####..........
........# #..<......<##########
.......o#######.#####....).)..#
........J)o.h.@.....#.#..####.#
........#######.###.#.#..####.#
..................#.#.#.....#.#
#################.#.#.#...###.#
#.....................#
#.#########.#.#######.. #.#
#.......#.........#
#.###.###############.# #.....#
###


You could see a hound, a jelly, an orc priest and an orc.

Vanquished Creatures
  4 sky beasts
  A centaur (D:5)
  A phantom (D:6)
  3 scorpions
  A howler monkey (D:5)
  2 centaur zombies
  5 hounds
  2 jellies
  2 bullfrog skeletons (D:5)
  2 iguanas (D:4)
  Natasha (twice) (D:2)
  4 orc wizards
  2 worker ants
  A hound skeleton (D:6)
  Robin (D:3)
  11 adders
  2 shadow imps
  An ufetubus (D:5)
  3 oozes
  3 worms (D:3)
  A dart slug (D:2)
  5 leopard geckos
  18 orcs
  7 bats
  A bat zombie (D:3)
  3 giant cockroaches
  12 goblins
  11 hobgoblins
  12 jackals
  3 quokkas
  A ball python (D:3)
  8 frilled lizards
  13 kobolds
  A leopard gecko zombie (D:5)
  4 rats
153 creatures vanquished.

Vanquished Creatures (others)
  25 plants (D:2)
25 creatures vanquished.

Grand Total: 178 creatures vanquished

Notes
Turn   | Place    | Note
-------+----------+-------------------------------------------
     0 | D:1      | jasper the Spriggan Enchanter began the quest for the Orb.
     0 | D:1      | Reached XP level 1. HP: 9/9 MP: 5/5
   656 | D:1      | Reached XP level 2. HP: 7/13 MP: 4/6
   659 | D:1      | Learned a level 2 spell: Ensorcelled Hibernation
  1591 | D:1      | Reached skill level 5 in Stealth
  2455 | D:2      | Reached XP level 3. HP: 16/16 MP: 0/8
  3080 | D:2      | Noticed Natasha
  3086 | D:2      | Killed Natasha
  3087 | D:2      | Reached XP level 4. HP: 21/21 MP: 6/9
  3124 | D:2      | Learned a level 3 spell: Confusing Touch
  3128 | D:2      | Learned a level 3 spell: Tukima's Dance
  3494 | D:2      | Reached skill level 6 in Stealth
  3586 | D:2      | Noticed Natasha
  3595 | D:2      | Killed Natasha
  3596 | D:2      | Reached skill level 5 in Hexes
  3807 | D:3      | Identified the +2 helmet of Wifaw {rN+}
  3807 | D:3      | Noticed Robin
  3944 | D:3      | Killed Robin
  3945 | D:3      | Reached XP level 5. HP: 24/24 MP: 0/10
  4150 | D:3      | Found an ancient bone altar of Kikubaaqudgha.
  4522 | D:3      | Found a radiant altar of Vehumet.
  4523 | D:3      | Found a white marble altar of Elyvilon.
  4525 | D:3      | Found a shimmering blue altar of Sif Muna.
  4525 | D:3      | Found a shimmering altar of Xom.
  4525 | D:3      | Found a glowing golden altar of the Shining One.
  4527 | D:3      | Found a blossoming altar of Fedhas.
  4527 | D:3      | Found a broken altar of Ashenzari.
  4528 | D:3      | Found an opulent altar of Gozag.
  5537 | D:4      | Reached skill level 7 in Stealth
  5665 | D:4      | Identified the +5 short sword "Mahi" {drain, +Blink rC+
                  | Str+2}
  5724 | D:4      | Reached XP level 6. HP: 28/28 MP: 8/11
  6336 | D:4      | Found a glowing silver altar of Zin.
  6337 | D:4      | Noticed an angel
  6521 | D:5      | Entered Level 5 of the Dungeon
  6534 | D:5      | Found a sparkling altar of Nemelex Xobeh.
  6711 | D:5      | Reached skill level 8 in Stealth
  6751 | D:5      | Reached skill level 5 in Dodging
  6751 | D:5      | Reached XP level 7. HP: 31/32 MP: 7/12
  6949 | D:5      | Found a stormy altar of Qazlal.
  7122 | D:5      | Reached skill level 9 in Stealth
  7999 | D:6      | Reached skill level 10 in Stealth
  7999 | D:6      | Reached XP level 8. HP: 36/36 MP: 13/13
  8310 | D:6      | Found an ornate altar of the Wu Jian Council.
  8847 | D:6      | Reached skill level 11 in Stealth
  8938 | D:7      | Killed from afar by an orc priest

Illustrated notes

Levels and vault maps discovered:
D:1:      minmay_arrival_five_plusses, layout_basic
D:2:      minmay_diamond_boxcup, layout_loops_ring, serial_bayou,
          serial_bayou_pond_c, serial_bayou_pond_b, serial_bayou_pond_a,
          serial_bayou_shore_a, uniq_natasha
D:3:      layout_basic, lemuel_zombie_altar_kikubaaqudgha,
          grunt_temple_overflow_open, uniq_robin
D:4:      layout_basic, zin_angel
D:5:      layout_basic, lemuel_round_altar, grunt_qazlal_clouds,
          kennysheep_minor_cross
D:6:      layout_basic, kennysheep_mini
D:7:      layout_basic, minmay_temple_entry_proselytizer

Skill      XL: |  1  2  3  4  5  6  7  8 |
---------------+-------------------------+-----
Hexes          | 4 5 6 7 9 |  9.0
Dodging        | 3 4 5 6 |  6.8
Spellcasting   | 3 |  3.0
Stealth        | 5 6 7 8 10 11 | 11.3
Short Blades   | |  1.1

Action                   |  1- 3 |  4- 6 |  7- 9 || total
-------------------------+-------+-------+-------++-------
Melee: Dagger            |   146 |    95 |       ||   241
       Short sword       |       |    30 |   117 ||   147
 Cast: Corona            |     4 |       |       ||     4
       Ensorcelled Hiber |    34 |    62 |    27 ||   123
       Confusing Touch   |       |     1 |     3 ||     4
  Use: Scroll            |     2 |     8 |     2 ||    12
 Stab: Sleeping          |    19 |    53 |    35 ||   107
       Confused          |       |       |     2 ||     2
Armor: Robe              |    17 |    10 |    12 ||    39
Dodge: Dodged            |   143 |   114 |    75 ||   332

Table legend: (Time is in decaauts)
 A = Elapsed time spent in this place.
 B = Non-inter-level travel time spent in this place.
 C = Inter-level travel time spent in this place.
 D = Time resting spent in this place.
 E = Time spent auto-exploring this place.
 F = Levels seen in this place.
 G = Mean time per level.
                   A        B        C        D        E       F      G
               +--------+--------+--------+--------+--------+-----+--------+
         Total |   7083 |   6892 |    191 |   1277 |   4474 |   7 | 1011.9 |
       Dungeon |   7083 |   6892 |    191 |   1277 |   4474 |   7 | 1011.9 |
               +--------+--------+--------+--------+--------+-----+--------+

Top non-repeatable levels by time:
     D:1: 1852 daAuts
     D:2: 1432 daAuts
     D:3: 1217 daAuts
     D:5: 882 daAuts
     D:4: 800 daAuts
     D:6: 737 daAuts
     D:7: 160 daAuts
